 Dungeon Crawl Stone Soup version 0.29-a0-821-g66395355a5 (webtiles) character file.

Game seed: 16664997502118634089

232 avis the Chiller (level 5, -6/42 HPs)
             Began as a Demigod Ice Elementalist on July 8, 2022.
             Killed by nerve-wracking pain
             ... invoked by Grinder
              (10 damage)
             ... on level 3 of the Dungeon.
             The game lasted 00:13:26 (2318 turns).

avis the Chiller (Demigod Ice Elementalist)         Turns: 2318, Time: 00:13:27

Health: -6/42      AC:  9    Str: 15    XL:     5   Next: 45%
Magic:  4/19       EV: 12    Int: 17    God:
Gold:   101        SH:  0    Dex: 18    Spells: 4/8 levels left

rFire   . . .      SeeInvis .   b - +0 long sword
rCold   . . .      Faith    .   (no shield)
rNeg    . . .      Spirit   .   g - +0 robe
rPois   .          Reflect  .   l - +0 helmet
rElec   .          Harm     .   (no cloak)
rCorr   .          Rampage  .   (no gloves)
Will    .....                   (no boots)
Stlth   ++........              (no amulet)
HPRegen 0.14/turn               e - ring of magical power
MPRegen 0.16/turn               p - +6 ring of strength

@: ice-armoured
A: high MP 1, forlorn, divine attributes
a: no special abilities


You were on level 3 of the Dungeon.
You visited 1 branch of the dungeon, and saw 3 of its levels.

You collected 101 gold pieces.

Inventory:

Hand Weapons
 a - a +0 sling
 b - a +0 long sword (weapon)
 r - a +1 whip of draining
 w - a +0 rapier
Missiles
 f - 5 javelins
 k - 4 poisoned darts (quivered)
 s - 6 boomerangs
Armour
 g - a +0 robe (worn)
 l - a +0 helmet (worn)
Jewellery
 e - a ring of magical power (left hand)
 p - a +6 ring of strength (right hand)
Scrolls
 c - a scroll of vulnerability {unknown}
 d - a scroll of teleportation {unknown}
 m - 2 scrolls of identify {unknown}
 n - 2 scrolls of enchant weapon {unknown}
 t - a scroll of fog {unknown}
Potions
 h - a potion of haste {unknown}
 i - a potion of magic
 j - a potion of invisibility {unknown}
 o - a potion of resistance {unknown}
 q - a potion of berserk rage {unknown}
 u - a potion of mutation {unknown}
 v - a potion of curing {unknown}


   Skills:
 * Level 2.3 Fighting
 - Level 2.0 Long Blades
 - Level 2.0 Ranged Weapons
 - Level 2.0 Armour
 - Level 2.0 Dodging
 - Level 2.0 Stealth
 - Level 2.0 Spellcasting
 - Level 4.0 Ice Magic


You had 4 spell levels left.
You knew the following spells:

 Your Spells              Type           Power      Damage    Failure   Level
a - Freeze                Ice            60%        1d8       3%          1
o - Ozocubu's Armour      Ice            15%        N/A       11%         3

Your spell library contained the following spells:

 Spells                   Type           Power      Damage    Failure   Level
 Frozen Ramparts          Ice            30%        1d5       11%         3
 Hailstorm                Conj/Ice       8%         3d4       63%         4


Dungeon Overview and Level Annotations

Branches:
Dungeon (3/15)

Annotations:
D:3 Grinder


Innate Abilities, Weirdness & Mutations

You have an increased reservoir of magic. (+10% MP)
You shall have no god before yourself.
Your divine heritage dramatically boosts your attributes as you level up.


Message History

* * * LOW HITPOINT WARNING * * *
The quokka barely misses you.
Your magical contamination has completely faded away.
Okay, then.
Casting: Freeze (safe; 3% risk of failure)
Confirm with . or Enter, or press ? or * to list all spells.
Aiming: Freeze (safe; 3% risk of failure)
Press: ? - help, Shift-Dir - straight line, f - Grinder
Aim: Grinder (lightly wounded)
You freeze Grinder but do no damage.
Grinder completely resists.
Grinder misses you.
The quokka bites you but does no damage.
Casting: Freeze (safe; 3% risk of failure)
Confirm with . or Enter, or press ? or * to list all spells.
Aiming: Freeze (safe; 3% risk of failure)
Press: ? - help, Shift-Dir - straight line, f/p - Grinder
Aim: Grinder (lightly wounded)
You freeze Grinder.
Grinder resists.
Grinder is lightly wounded.
Grinder blinks!
The quokka bites you but does no damage.
Casting: Freeze (safe; 3% risk of failure)
Confirm with . or Enter, or press ? or * to list all spells.
Aiming: Freeze (safe; 3% risk of failure)
Press: ? - help, Shift-Dir - straight line, f - quokka, p - Grinder
Aim: a quokka You freeze the quokka.
The quokka is moderately wounded.
The quokka misses you.
Casting: Freeze (safe; 3% risk of failure)
Confirm with . or Enter, or press ? or * to list all spells.
Aiming: Freeze (safe; 3% risk of failure)
Press: ? - help, Shift-Dir - straight line, f/p - quokka
Aim: a quokka (moderately wounded)
You freeze the quokka.
The quokka is severely wounded.
The quokka bites you but does no damage.
Grinder gestures at you. Pain shoots through your body!
You die...

# #.# .. #. #.# ..# #.
#.# ....#. #.#
....#.#### #.#
..5......###.###
...............#
......)....#.#.#
..!...r@.#.#.#.#
.#.......#.#.#.#
#.......#...#.#
#############.#########
#.....................#
#############.#####.###
#.).#.# #.#####.#
#.#.#.# #.....#.#
#.#.#.#########.#.#


You could see Grinder and a quokka.

Vanquished Creatures
  Sigmund (D:2)
  3 adders
  A worm (D:2)
  3 dart slugs
  An orc (D:2)
  3 bats
  5 endoplasms
  5 goblins
  7 hobgoblins
  2 kobolds (D:2)
  3 frilled lizards
  A rat (D:1)
35 creatures vanquished.

Notes
Turn   | Place    | Note
-------+----------+-------------------------------------------
     0 | D:1      | avis the Demigod Ice Elementalist began the quest for the
                  | Orb.
     0 | D:1      | Reached XP level 1. HP: 14/14 MP: 5/5
   312 | D:1      | Reached skill level 1 in Fighting
   407 | D:1      | Reached XP level 2. HP: 23/23 MP: 7/7
  1173 | D:2      | Reached XP level 3. HP: 29/29 MP: 8/8
  1207 | D:2      | Learned a level 3 spell: Ozocubu's Armour
  1239 | D:2      | Reached skill level 4 in Ice Magic
  1525 | D:2      | Noticed Sigmund
  1541 | D:2      | Killed Sigmund
  1542 | D:2      | Reached XP level 4. HP: 36/36 MP: 9/9
  1542 | D:2      | Reached XP level 5. HP: 41/41 MP: 10/10
  2299 | D:3      | Noticed Grinder
  2318 | D:3      | Killed from afar by Grinder

Illustrated notes

Levels and vault maps discovered:
D:1:      enne_arrival_octagon_isle, layout_rooms, dk_noncrumbling_4
D:2:      layout_loops_ring, shapermc_ecumenical_altar_mp_ritualfount,
          grunt_ministairs_8, minmay_misc_feat_secret_circle, uniq_sigmund
D:3:      minmay_skewed_foursquare, layout_basic, minmay_shallow_snake_nest,
          uniq_jessica, uniq_grinder, uniq_robin

Skill      XL: |  1  2  3 |
---------------+----------+-----
Fighting       | 1 2 |  2.3
Spellcasting   | 2 |  2.0
Ice Magic      | 4 |  4.0
Stealth        | 2 |  2.0
Dodging        | 2 |  2.0
Armour         | 2 |  2.0
Ranged Weapons | 2 |  2.0
Long Blades    | 2 |  2.0

Action                   |  1- 3 |  4- 6 || total
-------------------------+-------+-------++-------
Melee: Long sword        |     2 |     2 ||     4
 Fire: Sling             |    56 |    13 ||    69
Throw: Dart              |     3 |       ||     3
 Cast: Freeze            |    24 |    21 ||    45
       Ozocubu's Armour  |     2 |     5 ||     7
Armor: Robe              |     7 |    13 ||    20
Dodge: Dodged            |    15 |    18 ||    33

Table legend: (Time is in decaauts)
 A = Elapsed time spent in this place.
 B = Non-inter-level travel time spent in this place.
 C = Inter-level travel time spent in this place.
 D = Time resting spent in this place.
 E = Time spent auto-exploring this place.
 F = Levels seen in this place.
 G = Mean time per level.
                   A        B        C        D        E       F      G
               +--------+--------+--------+--------+--------+-----+--------+
         Total |   2344 |   2013 |    331 |    464 |   1164 |   3 |  781.3 |
       Dungeon |   2344 |   2013 |    331 |    464 |   1164 |   3 |  781.3 |
               +--------+--------+--------+--------+--------+-----+--------+

Top non-repeatable levels by time:
     D:1: 1089 daAuts
     D:2: 1019 daAuts
     D:3: 236 daAuts
